 Dungeon Crawl Stone Soup version 0.29.1-12-g30fa7ad0bf (webtiles) character file.

Game seed: 7262093844128739296

3843 Krapule the Grappler (level 9, -7/71 HPs)
             Began as a Demonspawn Berserker on Dec 30, 2022.
             Was a Priest of Trog.
             Mangled by Erica
             ... wielding a +1 scimitar of flaming
              (11 damage)
             ... on level 8 of the Dungeon.
             The game lasted 00:30:45 (8315 turns).

Krapule the Grappler (Demonspawn Berserker)         Turns: 8315, Time: 00:30:45

Health: -7/71      AC: 11    Str: 21    XL:     9   Next: 98%
Magic:  9/9        EV: 14    Int: 10    God:    Trog [***...]
Gold:   479        SH:  0    Dex: 14    Spells: 8/8 levels left

rFire   + . .      SeeInvis .     - Unarmed
rCold   . . .      Faith    .   (no shield)
rNeg    . . .      Spirit   .   G - +1 leather armour {rF+}
rPois   +          Reflect  .   (helmet restricted)
rElec   .          Harm     .   B - +1 cloak
rCorr   .          Rampage  .   i - +0 pair of gloves
Will    .....                   C - +2 pair of boots
Stlth   +.........              k - amulet of the acrobat
HPRegen 0.21/turn               E - ring of poison resistance
MPRegen 0.22/turn               (no ring)

@: confused, lethally poisoned (-7 -> -8), on berserk cooldown, slowed, very
slow
A: horns 2, spiny 2, magic regeneration, big brain 1
a: Renounce Religion, Berserk, Trog's Hand


You were on level 8 of the Dungeon.
You worshipped Trog.
Trog was most pleased with you.
You visited 1 branch of the dungeon, and saw 8 of its levels.

You collected 503 gold pieces.
You spent 24 gold pieces at shops.

Inventory:

Missiles
 o - a throwing net (quivered)
 w - 4 javelins
Armour
 i - a +0 pair of gloves (worn)
 B - a +1 cloak (worn)
 C - a +2 pair of boots (worn)
 F - a +0 ring mail of cold resistance
 G - a +1 leather armour of fire resistance (worn)
Jewellery
 b - a ring of magical power
 j - a ring of magical power
 k - an amulet of the acrobat (around neck)
 r - a ring of fire
 E - a ring of poison resistance (left hand)
Wands
 J - a wand of polymorph (3)
 K - a wand of iceblast (6)
Scrolls
 e - 2 scrolls of enchant weapon
 l - 5 scrolls of teleportation
 p - a scroll of blinking
 q - 9 scrolls of identify
 s - 3 scrolls of enchant armour {unknown}
 x - a scroll of fog {unknown}
 y - 3 scrolls of vulnerability {unknown}
 I - a scroll of amnesia {unknown}
Potions
 a - a potion of cancellation
 c - 2 potions of mutation
 d - a potion of magic {unknown}
 f - a potion of degeneration {unknown}
 g - a potion of ambrosia {unknown}
 h - 3 potions of invisibility {unknown}
 m - 2 potions of haste {unknown}
 n - a potion of heal wounds {unknown}
 t - 2 potions of brilliance {unknown}
 u - 5 potions of curing {unknown}
 v - 4 potions of flight {unknown}
 z - a potion of berserk rage {unknown}
 A - 3 potions of might {unknown}
 D - 2 potions of resistance {unknown}
 H - a potion of lignification {unknown}


   Skills:
 + Level 6.4 Fighting
 - Level 2.0 Throwing
 + Level 6.1 Armour
 + Level 5.9 Dodging
 - Level 1.0 Stealth
 + Level 8.9 Unarmed Combat


You had 8 spell levels left.
You didn't know any spells.
Your spell library was empty.

Dungeon Overview and Level Annotations

Branches:
Dungeon (8/15)             Temple (0/1) D:5
   Lair: D:8-11

Altars:
Cheibriados
Dithmenos
Fedhas
Hepliaklqana
Okawaru
Ru

Shops:
D:5 *((

Annotations:
D:8 Erica


Innate Abilities, Weirdness & Mutations

You have a pair of horns on your head.
You are mostly covered in sharp spines.
You regenerate magic rapidly.
You have an unusually large brain. (Int +2)


Message History

You bump into the rock wall.
You feel very sick. The gnoll barely misses you. Erica casts a spell at you.
The bolt of poison misses you. Erica is struck by your spines.
Erica hits you with a +1 scimitar of flaming!
The gnoll misses you.
You hit Erica but do no damage.
Erica is moderately wounded.
You feel sick. The gnoll completely misses you. Erica is struck by your spines.
Erica hits you but does no damage.
You hit Erica but do no damage. Your headbutt misses Erica.
Erica is moderately wounded.
You feel less confused.
You feel sick.
The gnoll hits you from afar with a +0 spear.
Erica hits you with a +1 scimitar of flaming!
* * * LOW HITPOINT WARNING * * *
Erica burns you.
* * * LOW HITPOINT WARNING * * *
You closely miss Erica. You headbutt Erica!
Erica is heavily wounded.
You feel sick. The gnoll misses you. Erica is struck by your spines.
Erica hits you with a +1 scimitar of flaming!
* * * LOW HITPOINT WARNING * * *
Unknown command.
Okay, then.
You punch Erica! You headbutt Erica.
Erica is severely wounded.
You feel sick. The gnoll hits you but does no damage.
Erica is struck by your spines. Erica barely misses you.
The gnoll hits you but does no damage. Erica casts a spell at you.
You are confused.
You closely miss Erica.
Erica is severely wounded.
You feel sick. The gnoll hits you but does no damage.
Erica is struck by your spines.
Erica hits you with a +1 scimitar of flaming!
You die...

#.....##.....##..# #.....
#>....##..######## .....
#......#.........# .[....
#......#.........#
.......#......#.........#
.....$@g......#.........#
....##..g.g##...#.....# .
#####@##...#######
#...@)####.# #......# ###
#......# #.....## #######


You could see Erica and a gnoll.

Vanquished Creatures
  Maurice (D:8)
  2 hornets (D:7)
  Sigmund (D:5)
  A steam dragon (D:7)
  Edmund (D:6)
  2 water moccasins
  An orc warrior (D:7)
  2 ice beasts
  3 black bears
  2 ogres (D:6)
  3 centaurs
  A phantom (D:7)
  3 bullfrogs (D:7)
  A necrophage (D:5)
  A gnoll sergeant (D:8)
  6 scorpions
  A howler monkey (D:4)
  An electric eel (D:7)
  6 hounds
  A jelly (D:8)
  Crazy Yiuf (D:4)
  3 orc priests
  3 iguanas
  2 orc wizards (D:6)
  A mummy (D:6)
  8 gnolls
  12 adders
  A shadow imp (D:5)
  2 white imps
  A worm (D:3)
  4 dart slugs
  17 orcs
  6 ball pythons
  A bat (D:1)
  7 endoplasms
  6 giant cockroaches
  5 goblins
  6 hobgoblins
  8 jackals
  7 kobolds
  3 quokkas
  4 frilled lizards
  4 rats
152 creatures vanquished.

Notes
Turn   | Place    | Note
-------+----------+-------------------------------------------
     0 | D:1      | Krapule the Demonspawn Berserker began the quest for the
                  | Orb.
     0 | D:1      | Reached XP level 1. HP: 18/18 MP: 1/1
   496 | D:1      | Reached skill level 3 in Unarmed Combat
   496 | D:1      | Gained mutation: You have a pair of small horns on your
                  | head. [demonic ancestry]
   496 | D:1      | Reached XP level 2. HP: 24/24 MP: 2/2
  1319 | D:2      | Gained mutation: You are partially covered in sharp spines.
                  | [demonic ancestry]
  1319 | D:2      | Reached XP level 3. HP: 29/29 MP: 3/3
  2079 | D:3      | Gained mutation: You are mostly covered in sharp spines.
                  | [demonic ancestry]
  2079 | D:3      | Reached XP level 4. HP: 35/35 MP: 4/4
  2286 | D:3      | Reached ** piety under Trog
  2287 | D:3      | Reached skill level 4 in Unarmed Combat
  2522 | D:3      | Found a faded altar of an unknown god.
  2583 | D:3      | Reached skill level 1 in Stealth
  3294 | D:4      | Gained mutation: You have a pair of horns on your head.
                  | [demonic ancestry]
  3294 | D:4      | Reached XP level 5. HP: 41/41 MP: 5/5
  3313 | D:4      | Noticed an ice beast
  3325 | D:4      | Killed an ice beast
  3326 | D:4      | Reached skill level 5 in Unarmed Combat
  3344 | D:4      | Gained mutation: You have an unusually large brain. (Int
                  | +2) [demonic ancestry]
  3344 | D:4      | Reached XP level 6. HP: 44/47 MP: 6/6
  3442 | D:4      | Found an iron altar of Okawaru.
  3867 | D:4      | Found a hazy altar of Hepliaklqana.
  3971 | D:4      | Found a runed translucent door.
  3972 | D:4      | Noticed Crazy Yiuf
  3980 | D:4      | Killed Crazy Yiuf
  4371 | D:5      | Entered Level 5 of the Dungeon
  4486 | D:5      | Reached XP level 7. HP: 52/52 MP: 7/7
  4493 | D:5      | Found a staircase to the Ecumenical Temple.
  4498 | D:5      | Noticed Sigmund
  4510 | D:5      | Killed Sigmund
  4511 | D:5      | Reached skill level 6 in Unarmed Combat
  4642 | D:5      | Reached skill level 7 in Unarmed Combat
  4642 | D:5      | Gained mutation: You regenerate magic rapidly. [demonic
                  | ancestry]
  4642 | D:5      | Reached XP level 8. HP: 36/60 MP: 8/8
  4776 | D:5      | Reached *** piety under Trog
  5085 | D:5      | Found Jixkimuo's Weapon Boutique.
  5119 | D:5      | Found a snail-covered altar of Cheibriados.
  5207 | D:5      | Found Ukoomovo's Antique Weapon Shop.
  5412 | D:5      | Found Taxiudis's General Store.
  5418 | D:5      | Bought a scroll of identify for 24 gold pieces
  5920 | D:6      | Reached skill level 8 in Unarmed Combat
  5934 | D:6      | Found a sacrificial altar of Ru.
  5988 | D:6      | Noticed Edmund
  5995 | D:6      | Killed Edmund
  5997 | D:6      | Reached skill level 5 in Fighting
  6141 | D:6      | Found a shadowy altar of Dithmenos.
  6435 | D:6      | Reached XP level 9. HP: 68/68 MP: 9/9
  6575 | D:6      | Reached skill level 5 in Armour
  6825 | D:7      | Reached skill level 1 in Throwing
  6957 | D:7      | Reached skill level 5 in Dodging
  8190 | D:8      | Found a blossoming altar of Fedhas.
  8277 | D:8      | Noticed Maurice
  8283 | D:8      | Killed Maurice
  8295 | D:8      | Noticed Erica
  8315 | D:8      | Mangled by Erica

Illustrated notes

Levels and vault maps discovered:
D:1:      wander_arrival_peaceful_grave, layout_loops_cross
D:2:      minmay_door_path, layout_basic, chequers_mini_garden
D:3:      minmay_angry_zag, layout_loops_corners,
          hellmonk_ecumenical_altar_blasted
D:4:      layout_loops_cross, mainiacjoe_overflow_chevrons,
          overflow_temple_1_default, serial_bayou_pond_a, minmay_surrounded,
          uniq_crazy_yiuf_cottage
D:5:      layout_basic, mainiacjoe_overflow_brackets,
          minmay_temple_entry_junction_2, serial_shops, nicolae_shop_waterfront,
          shop, nicolae_shop_hallway_stairs, minmay_fractal_squares_diagonal_5,
          uniq_sigmund
D:6:      layout_loops_ring, nicolae_ru_great_annihilating_truth,
          nicolae_dithmenos_shadow_blocks, gup_ossuary_entry_pyramid,
          minmay_misc_feat_roman, nicolae_elevator_lobby_plus, uniq_edmund
D:7:      layout_loops_ring, nicolae_elyvilon_temple_path
D:8:      layout_gridville, lemuel_tele_altar, lemuel_crystal_altar,
          ebering_ghost_reflecting_pool, uniq_maurice, uniq_erica

Skill      XL: |  1  2  3  4  5  6  7  8  9 |
---------------+----------------------------+-----
Unarmed Combat | 3 4 5 7 8 |  8.9
Dodging        | 2 3 4 5 |  5.9
Stealth        | 1 |  1.0
Armour         | 2 3 4 6 |  6.1
Fighting       | 5 6 |  6.4
Throwing       | 2 |  2.0

Action                   |  1- 3 |  4- 6 |  7- 9 || total
-------------------------+-------+-------+-------++-------
Melee: Unarmed           |    81 |    82 |   193 ||   356
       Punch             |     2 |     2 |     9 ||    13
       Headbutt          |    11 |    14 |    37 ||    62
Throw: Throwing net      |       |       |     2 ||     2
       Javelin           |       |       |     3 ||     3
Invok: Berserk           |       |     1 |     2 ||     3
  Use: Scroll            |     7 |       |     1 ||     8
 Stab: Sleeping          |     1 |     2 |       ||     3
       Distracted        |       |       |     1 ||     1
       Paralysed         |       |       |     1 ||     1
Armor: Animal skin       |    14 |       |       ||    14
       Leather armour    |     4 |    18 |    55 ||    77
       Ring mail         |       |       |     4 ||     4
Dodge: Dodged            |    40 |    37 |   112 ||   189
